 Dungeon Crawl Stone Soup version 0.28.0-55-gcd9437bce4 (webtiles) character file.

Game seed: 12201243907382285547

969 sneakypete the Shooter (level 7, -1/57 (61) HPs)
             Began as a Minotaur Hunter on Jan 6, 2023.
             Was a High Priest of Jiyva.
             Slain by a wight
             ... wielding a +7 short sword
              (9 damage)
             ... on level 7 of the Dungeon.
             The game lasted 01:23:05 (6506 turns).

sneakypete the Shooter (Minotaur Hunter)            Turns: 6506, Time: 01:23:12

HP:   -1/57 (61)    AC:  6    Str: 16    XL:     7   Next: 94%
MP:   6/6           EV: 15    Int:  8    God:    Jiyva [*****.]
Gold: 87            SH:  0    Dex: 13    Spells: 6/6 levels left

rFire   + + .      SeeInvis .   W - +2 mace
rCold   . . .      Faith    .   (no shield)
rNeg    . . .      Spirit   .   i - +0 ring mail
rPois   .          Reflect  .   (helmet restricted)
rElec   .          Harm     .   (no cloak)
rCorr   +          Rampage  .   (no gloves)
Will    .....                   (no boots)
Stlth   +.........              (no amulet)
HPRegen 1.63/turn               V - ring of resist corrosion
MPRegen 0.55/turn               (no ring)

@: drained
A: horns 2, retaliatory headbutt, fire resistance 2, gelatinous body 3,
pseudopods 1, tendrils
a: Renounce Religion, Oozemancy, Slimify


You were on level 7 of the Dungeon.
You worshipped Jiyva.
Jiyva was extremely pleased with you.
You visited 1 branch of the dungeon, and saw 7 of its levels.

You collected 87 gold pieces.

Inventory:

Hand Weapons
 a - a +1 shortbow
 b - a +0 short sword
 e - a +1 hand axe
 f - a +0 whip
 g - a +0 dagger
 k - a +0 club
 s - a +3 spear
 A - a +0 trident
 C - a +0 dagger
 E - a +0 mace
 F - a +0 short sword
 H - a +0 mace
 I - a +0 dagger
 L - a +0 whip
 N - a +0 war axe
 O - a +0 hand axe
 Q - a +0 flail
 R - a +0 short sword
 S - a +0 dagger
 T - a +0 long sword
 W - a +2 mace (weapon)
Missiles
 d - 41 arrows
 l - 4 atropa-tipped darts
 m - 64 stones (quivered)
 p - 27 sling bullets
 B - 29 bolts
 M - 6 poisoned darts
Armour
 c - a +0 leather armour
 h - a +0 robe
 i - a +0 ring mail (worn)
 o - a +0 buckler
 q - a +0 scale mail
 r - a +0 robe
 t - a +0 animal skin
 u - a +0 helmet
 x - a +0 chain mail
 D - a +0 leather armour
 G - a +0 leather armour
 K - a +0 chain mail
 P - a +0 plate armour
 X - a +0 robe
Jewellery
 V - a ring of resist corrosion (left hand)
Scrolls
 w - 3 scrolls of enchant armour {unknown}
 y - 2 scrolls of identify
 U - a scroll of fear {unknown}
Potions
 j - 2 potions of haste
 n - a potion of brilliance {unknown}
 v - a potion of mutation {unknown}
 z - a potion of flight {unknown}
 J - a potion of heal wounds {unknown}


   Skills:
 + Level 5.3 Fighting
 + Level 0.5 Short Blades
 + Level 2.8(3.4) Axes
 + Level 2.9(3.5) Polearms
 + Level 6.8 Bows
 + Level 4.9 Armour
 + Level 3.6 Dodging
 + Level 1.5 Stealth


You had 6 spell levels left.
You didn't know any spells.
Your spell library contained the following spells:

 Spells                   Type           Power      Damage    Failure   Level
 Blink                    Tloc           0%         N/A       75%         2
 Lesser Beckoning         Tloc           0%         N/A       93%         3
 Manifold Assault         Tloc           0%         N/A       100%        5


Dungeon Overview and Level Annotations

Branches:
Dungeon (7/15)
 Temple: D:4-7

Altars:
Trog
Jiyva

Shops:
D:4 *

Annotations:
D:7 1 transporter


Innate Abilities, Weirdness & Mutations

You have a pair of horns on your head.
You reflexively headbutt those who attack you in melee.
Your flesh is very heat resistant. (rF++)
Your gelatinous body deflects attacks. (AC +3, EV +3)
Armour fits poorly on your pseudopods.
You are covered in slimy tendrils that may disarm your opponents.


Message History

W - a +2 mace;
X - a +0 robe
d - 38 arrows (gained 1)
d - 41 arrows (gained 3)
A wight comes into view.
It is wielding a +4 battleaxe of freezing.
A wight comes into view. It is wielding a +2 spear.
A wight comes into view. It is wielding a +7 short sword.
You see here an arrow.
The wight hits you from afar with a +2 spear!
W - a +2 mace (weapon)
You hit the wight but do no damage. You headbutt the wight.
The wight is moderately damaged.
The wight misses you.
The wight hits you from afar with a +2 spear.
The wight misses you.
You barely miss the wight. Your bludgeon misses the wight.
The wight is moderately damaged.
The wight hits you from afar with a +2 spear.
You feel drained. The wight completely misses you.
You closely miss the wight. Your bludgeon misses the wight.
The wight is moderately damaged.
The wight hits you with a +4 battleaxe of freezing!
You feel drained. The wight freezes you. The wight hits you but does no damage.
The wight hits you with a +7 short sword!
You feel drained.
You hit the wight. Your bludgeon misses the wight.
The wight is severely damaged.
The wight barely misses you. The wight misses you.
The wight hits you with a +7 short sword!
The wight closely misses you.
You sock the wight!
You destroy the wight!
The wight hits you but does no damage. The wight barely misses you.
The wight closely misses you.
You hit the wight but do no damage.
The wight hits you with a +7 short sword!
* * * LOW HITPOINT WARNING * * *
The wight hits you from afar with a +2 spear.
* * * LOW HITPOINT WARNING * * *
The wight hits you with a +7 short sword!
You die...

###....# ##.......
..........# ##........
..........# ###.........
..........# ##...........
#....z....#
###............ #.........
##..............
#.......###.......##......
#.......#@.....#####.....#
#..(zz)..#### #.....##
###...#### #....###
#....### #...###. .....##
#..## #. #...## #.## #.
#..# ### #. ### ##. #..


You could see 2 wights.

Vanquished Creatures
  3 water moccasins
  An orc warrior (D:7)
  A phantom (D:5)
  A scorpion (D:5)
  2 wights (D:7)
  A centaur zombie (D:5)
  An orc priest (D:7)
  3 hounds (D:5)
  An iguana (D:4)
  An orc wizard (D:5)
  A killer bee zombie (D:6)
  Robin (D:2)
  6 adders
  A white imp (D:6)
  A worm (D:4)
  A dart slug (D:4)
  8 orcs
  A bat (D:1)
  3 endoplasms (D:1)
  A giant cockroach (D:4)
  10 goblins
  4 hobgoblins
  10 jackals
  A quokka (D:2)
  6 ball pythons
  4 frilled lizards
  2 kobolds
  2 rats (D:1)
78 creatures vanquished.

Vanquished Creatures (others)
  A necrophage (D:6)
  A centaur (D:5)
  A water moccasin zombie (D:6)
  A howler monkey (D:6)
  A centaur zombie (D:5)
  4 jellies
  A bullfrog skeleton (D:6)
  An iguana (D:6)
  An orc wizard (D:3)
  3 adders
  3 gnolls (D:5)
  2 white imps (D:5)
  A worm (D:2)
  3 orcs
  3 ball pythons
  3 endoplasms
  A giant cockroach (D:3)
  A goblin (D:4)
  2 kobolds
  A bat (D:2)
  A frilled lizard (D:3)
  A rat (D:2)
  26 plants (D:2)
63 creatures vanquished.

Grand Total: 141 creatures vanquished

Notes
Turn   | Place    | Note
-------+----------+-------------------------------------------
     0 | D:1      | sneakypete the Minotaur Hunter began the quest for the Orb.
     0 | D:1      | Reached XP level 1. HP: 18/18 MP: 0/0
   176 | D:1      | Reached XP level 2. HP: 20/25 MP: 1/1
   452 | D:1      | Found a faded altar of an unknown god.
   534 | D:1      | Prayed at the altar of an unknown god.
   534 | D:1      | Became a worshipper of Jiyva Jagaug the Shapeless
   534 | D:1      | Reached * piety under Jiyva
   824 | D:2      | Reached skill level 5 in Bows
   909 | D:2      | Reached XP level 3. HP: 30/30 MP: 2/2
  1269 | D:2      | Reached ** piety under Jiyva
  1511 | D:2      | Noticed Robin
  1526 | D:2      | Killed Robin
  2101 | D:3      | Found a bloodstained altar of Trog.
  2398 | D:3      | Reached XP level 4. HP: 36/37 MP: 3/3
  2815 | D:3      | Reached *** piety under Jiyva
  3031 | D:3      | You fall into a shaft and drop 1 floor!
  3302 | D:4      | Gained mutation: Your flesh is heat resistant. (rF+)
                  | [Jiyva's grace]
  3302 | D:4      | Gained mutation: Your flesh is very heat resistant. (rF++)
                  | [Jiyva's grace]
  3302 | D:4      | Gained mutation: Your flesh is almost immune to the effects
                  | of heat. (rF+++) [Jiyva's grace]
  3302 | D:4      | Gained mutation: You are covered in slimy tendrils that may
                  | disarm your opponents. [Jiyva's grace]
  3381 | D:4      | Reached skill level 1 in Polearms
  3448 | D:4      | Reached **** piety under Jiyva
  3812 | D:4      | Found Daibb's Serpentskin Sales.
  3813 | D:4      | Noticed a water moccasin
  3825 | D:4      | Noticed a water moccasin
  3827 | D:4      | Killed a water moccasin
  3828 | D:4      | Reached skill level 1 in Axes
  3828 | D:4      | Reached skill level 6 in Bows
  3828 | D:4      | Reached skill level 1 in Stealth
  3828 | D:4      | Reached XP level 5. HP: 46/46 MP: 4/4
  3838 | D:4      | Killed a water moccasin
  3839 | D:4      | Reached XP level 6. HP: 14/52 MP: 5/5
  4327 | D:5      | Entered Level 5 of the Dungeon
  4834 | D:5      | Noticed a water moccasin
  4839 | D:5      | Reached XP level 7. HP: 52/60 MP: 6/6
  5330 | D:5      | Reached ***** piety under Jiyva
  6114 | D:6      | Reached skill level 5 in Fighting
  6172 | D:6      | Lost mutation: Your flesh is almost immune to the effects
                  | of heat. (rF+++) [Jiyva's grace]
  6172 | D:6      | Gained mutation: Your rubbery body absorbs attacks. (AC +1,
                  | EV +1) [Jiyva's grace]
  6172 | D:6      | Gained mutation: Your pliable body absorbs attacks. (AC +2,
                  | EV +2) [Jiyva's grace]
  6172 | D:6      | Gained mutation: Your gelatinous body deflects attacks. (AC
                  | +3, EV +3) [Jiyva's grace]
  6172 | D:6      | Gained mutation: Armour fits poorly on your pseudopods.
                  | [Jiyva's grace]
  6311 | D:7      | Found a transporter.
  6506 | D:7      | Slain by a wight

Illustrated notes

Levels and vault maps discovered:
D:1:      saegor_arrival_simple_b, layout_rooms,
          dreamdust_ecumenical_altar_statues, dk_noncrumbling_3
D:2:      layout_loops_corners, serial_forest, infiniplex_forest_clump_curved,
          infiniplex_forest_fountain, infiniplex_forest_clump_medium,
          infiniplex_forest_clump_curved, infiniplex_forest_lined_corner,
          infiniplex_forest_lined_1, infiniplex_forest_straight_3,
          infiniplex_forest_clump_curved, uniq_crazy_yiuf_cottage, uniq_robin
D:3:      layout_basic, mainiacjoe_overflow_paths, minmay_misc_feat_pillars
D:4:      layout_layer_cave, guppyfry_shop_venom
D:5:      layout_basic
D:6:      layout_cave_pods, nrook_campfire
D:7:      gammafunk_cloud_chamber, layout_cave_pods, kennysheep_little_box,
          chequers_temple_overflow_minitemple, minmay_temple_entry_waves

Skill      XL: |  1  2  3  4  5  6  7 |
---------------+----------------------+-----
Bows           | 5 6 |  6.8
Fighting       | 3 4 5 |  5.3
Polearms       | 1 2 |  2.9
Axes           | 1 2 |  2.8
Armour         | 2 3 4 |  4.9
Dodging        | 3 |  3.6
Stealth        | 1 |  1.5
Short Blades   | |  0.5

Action                   |  1- 3 |  4- 6 |  7- 9 || total
-------------------------+-------+-------+-------++-------
Melee: Hand axe          |    27 |    52 |    61 ||   140
       Short sword       |     4 |       |       ||     4
       Whip              |     2 |       |       ||     2
       Headbutt          |     4 |    11 |    12 ||    27
       Shortbow          |     1 |       |       ||     1
       Spear             |     6 |    44 |       ||    50
       Punch             |       |     2 |     1 ||     3
       Mace              |       |       |     6 ||     6
       Pseudopods        |       |       |     4 ||     4
 Fire: Shortbow          |    33 |    25 |    23 ||    81
Throw: Stone             |     1 |     1 |       ||     2
  Use: Scroll            |     2 |       |       ||     2
Armor: Leather armour    |     7 |       |       ||     7
       Ring mail         |     7 |    35 |    21 ||    63
Dodge: Dodged            |    29 |    72 |    45 ||   146
